[Event "Titled Tuesday Blitz February 15 Early 2022"]
[White "Matveeva, Olga"]
[Black "Kejzar, Petra"]
[WhiteFideId "24107018"]
[BlackFideId "14610213"]
[WhiteElo "2083"]
[BlackElo "2006"]
[Result "1-0"]
[Round "10"]
[TimeControl "180+1"]
[Date "2022.02.15"]
[WhiteClock "0:01:37"]
[BlackClock "0:01:07"]

1. e4 c5 2. Nf3 Nc6 3. Bb5 g6 4. O-O Bg7 5. c3 a6 6. Bxc6 dxc6 7. Qe2 e6 8. d4 cxd4 9. cxd4 Ne7 10. Nc3 O-O 11. Bg5 Qc7 12. Rad1 h6 13. Bh4 c5 14. d5 exd5 15. exd5 Nf5 16. d6 Qd7 17. Nd5 Nxh4 18. Nxh4 Qxd6 19. Ne7+ Qxe7 20. Qxe7 Bg4 21. Qxb7 Bxd1 22. Rxd1 Bxb2 23. Qxb2 Rfc8 24. Nf3 c4 25. Qc3 Rc7 26. Ne5 Re8 27. Ng4 Re6 28. Nxh6+ Kh7 29. Ng4 1-0


[Site "https://www.chess.com"]

[Event "Titled Tuesday Blitz February 15 Early 2022"]
[White "Maung, Maung Kyaw Zaw Hein"]
[Black "Dzhaparov, Medet"]
[WhiteFideId "13001698"]
[BlackFideId "13803689"]
[WhiteElo "1785"]
[BlackElo "1702"]
[Result "1-0"]
[Round "10"]
[TimeControl "180+1"]
[Date "2022.02.15"]
[WhiteClock "0:00:09"]
[BlackClock "0:00:06"]

1. Nf3 Nf6 2. c4 c5 3. Nc3 d6 4. d4 cxd4 5. Nxd4 e5 6. Ndb5 a6 7. Na3 Nc6 8. Bg5 Be7 9. g3 h6 10. Bxf6 Bxf6 11. Bg2 Qc7 12. Nd5 Qd8 13. O-O O-O 14. Rc1 Be6 15. Nxf6+ Qxf6 16. Qxd6 Rad8 17. Qc5 Rd2 18. Bxc6 bxc6 19. Rc2 Rxc2 20. Nxc2 Rb8 21. b4 Bh3 22. Rd1 Qg5 23. Qxc6 Qg4 24. f3 Qg5 25. b5 axb5 26. cxb5 Rc8 27. Qe4 Bf5 28. Qxe5 Rxc2 29. b6 Bc8 30. Qe8+ Kh7 31. Qe4+ Bf5 32. Qe5 Qf6 33. Qxf6 gxf6 34. Rb1 Rc8 35. Rb5 Be6 36. a4 Bc4 37. Rb4 Bxe2 38. Kf2 Ba6 39. b7 Rb8 40. Rb6 Bxb7 41. a5 Ra8 42. Rxb7 Rxa5 43. Rxf7+ Kg6 44. Re7 Ra2+ 45. Re2 Ra1 46. Rb2 Rc1 47. Kg2 Kg5 48. Kh3 Rc3 49. f4+ Kg6 50. Rb5 Rc4 51. Kg4 Ra4 52. h4 Rc4 53. h5+ Kf7 54. Rb7+ Ke6 55. Rh7 Rc5 56. Rxh6 Rc8 57. Rg6 Rh8 58. h6 Ra8 59. Kh5 Ra5+ 60. Kh4 Ra8 61. g4 Ra1 62. g5 Rh1+ 63. Kg3 Rg1+ 64. Kf2 Ra1 65. Rxf6+ Ke7 66. h7 Rh1 67. Rh6 1-0


[Site "https://www.chess.com"]

[Event "Titled Tuesday Blitz February 15 Early 2022"]
[White "Maze, Sebastien"]
[Black "Faizrakhmanov, Ramil"]
[WhiteFideId "613762"]
[BlackFideId "24103209"]
[WhiteElo "2462"]
[BlackElo "2502"]
[Result "1-0"]
[Round "10"]
[TimeControl "180+1"]
[Date "2022.02.15"]
[WhiteClock "0:00:06"]
[BlackClock "0:00:02"]

1. e4 c5 2. Nf3 d6 3. Bb5+ Nd7 4. c3 Nf6 5. Qe2 a6 6. Ba4 b5 7. Bc2 Bb7 8. a4 Bc6 9. d4 Qb8 10. d5 Bb7 11. axb5 axb5 12. Rxa8 Bxa8 13. Na3 b4 14. Nc4 g6 15. O-O Bg7 16. Bd2 bxc3 17. bxc3 O-O 18. Ra1 Ng4 19. h3 Nge5 20. Nfxe5 Nxe5 21. Nxe5 Bxe5 22. Qc4 Qc7 23. Qa4 Rb8 24. Qa7 Qxa7 25. Rxa7 Bf6 26. Bc1 Bb7 27. c4 h5 28. Kf1 Bc8 29. Ke2 Kf8 30. Kd3 Ke8 31. Bh6 Bd7 32. Bd2 Bd4 33. f3 f6 34. Bc3 Bxc3 35. Kxc3 g5 36. Bb3 h4 37. Bc2 Rb4 38. Bb3 Bc8 39. Ra8 Kd8 40. Ra7 Bb7 41. Ra1 Kc7 42. f4 gxf4 43. Rf1 e5 44. dxe6 Bxe4 45. Rxf4 f5 46. Rxh4 Rb8 47. Rh7+ Kb6 48. e7 Bxg2 49. Bc2 f4 50. Bg6 f3 51. Rf7 Re8 52. h4 Kc7 53. h5 Kd7 54. h6 Bh3 55. h7 Be6 56. Rf8 Rxf8 57. exf8=Q f2 58. Qxf2 1-0


[Site "https://www.chess.com"]

[Event "Titled Tuesday Blitz February 15 Early 2022"]
[White "Mirzanurov, Bulat"]
[Black "Osiecki, Stanislaw"]
[WhiteFideId "4184521"]
[BlackFideId "1102990"]
[WhiteElo "2116"]
[BlackElo "2127"]
[Result "0-1"]
[Round "10"]
[TimeControl "180+1"]
[Date "2022.02.15"]
[WhiteClock "0:00:03"]
[BlackClock "0:00:57"]

1. e4 e6 2. d4 d5 3. Nc3 Bb4 4. e5 c5 5. a3 Bxc3+ 6. bxc3 Qc7 7. Qg4 f5 8. exf6 Nxf6 9. Qf3 O-O 10. Bf4 Qa5 11. dxc5 e5 12. Bxe5 Re8 13. Qg3 Nh5 14. Qe3 Nc6 15. f4 Nxf4 16. Qxf4 Qxc3+ 17. Kf2 Nxe5 18. Re1 Rf8 19. Qxf8+ Kxf8 20. Bd3 Qxc5+ 21. Kf1 Nxd3 22. cxd3 Bf5 23. Nf3 Bxd3+ 0-1


[Site "https://www.chess.com"]

[Event "Titled Tuesday Blitz February 15 Early 2022"]
[White "Moksh Amit Doshi"]
[Black "Garriga Cazorla, Pere"]
[WhiteFideId "25064967"]
[BlackFideId "32011601"]
[WhiteElo "2245"]
[BlackElo "2458"]
[Result "0-1"]
[Round "10"]
[TimeControl "180+1"]
[Date "2022.02.15"]
[WhiteClock "0:00:17"]
[BlackClock "0:00:33"]

1. c4 Nf6 2. Nc3 g6 3. e4 d6 4. d4 Bg7 5. Nf3 O-O 6. Be2 Na6 7. O-O e5 8. Be3 Re8 9. dxe5 dxe5 10. Qxd8 Rxd8 11. Nxe5 Nxe4 12. Nxe4 Bxe5 13. Bg5 Re8 14. Bf3 Bf5 15. Nf6+ Bxf6 16. Bxf6 Be4 17. Bxe4 Rxe4 18. b3 Re6 19. Bc3 Rd8 20. Rad1 Red6 21. Rxd6 Rxd6 22. Re1 Kf8 23. Kf1 f6 24. Ke2 Re6+ 25. Kf3 Rxe1 26. Bxe1 Ke7 27. b4 c6 28. Ke4 Ke6 29. Bc3 Nc7 30. g4 b5 31. cxb5 cxb5 32. Kd4 Kd6 33. Bd2 Ne6+ 34. Ke4 a6 35. a3 Nd8 36. Bf4+ Kc6 37. Be3 Nf7 38. Bd4 Nd6+ 39. Kf4 Nc4 40. Bxf6 Nxa3 41. Kg5 Kd5 42. Kh6 Ke6 43. Bc3 Kf7 44. Kxh7 Nc4 45. h4 Nd6 46. f4 Ne4 47. Be1 Nf6+ 48. Kh6 Nxg4+ 49. Kg5 Ne3 50. Bc3 Nd5 51. Bd2 Nf6 52. f5 Ne4+ 53. Kh6 gxf5 54. Be1 f4 55. Kh5 f3 56. Kg4 f2 57. Bxf2 Nxf2+ 58. Kf4 Nd3+ 59. Ke4 Nxb4 60. Kd4 Nc6+ 0-1


[Site "https://www.chess.com"]

[Event "Titled Tuesday Blitz February 15 Early 2022"]
[White "Molina, Roberto Junio Brito"]
[Black "Cunjalo, Faris"]
[WhiteFideId "2109450"]
[BlackFideId "14410710"]
[WhiteElo "2402"]
[BlackElo "2263"]
[Result "0-1"]
[Round "10"]
[TimeControl "180+1"]
[Date "2022.02.15"]
[WhiteClock "0:01:09"]
[BlackClock "0:01:04"]

1. d4 Nf6 2. Nf3 g6 3. c4 c5 4. d5 Bg7 5. Nc3 O-O 6. e4 d6 7. Be2 e6 8. O-O Re8 9. Nd2 Na6 10. Re1 Nc7 11. a4 a6 12. a5 exd5 13. cxd5 Bd7 14. f3 Nh5 15. Nc4 Bb5 16. Be3 Bxc4 17. Bxc4 Rb8 18. g4 Nf6 19. Na4 Nd7 20. Bf1 Nb5 21. Bxb5 axb5 22. Nc3 b4 23. Nb5 Ne5 24. Qe2 Qd7 25. h3 Nxf3+ 26. Qxf3 Qxb5 27. Re2 Rxe4 28. Rf2 Rxe3 29. Qxe3 Bd4 30. Qf3 Bxf2+ 31. Kxf2 Re8 32. h4 Qc4 33. h5 Qd4+ 34. Kf1 Re3 35. Qf2 Qe4 36. Kg1 Qxg4+ 37. Kf1 Rf3 0-1


[Site "https://www.chess.com"]

[Event "Titled Tuesday Blitz February 15 Early 2022"]
[White "Moskvin, Anatoly"]
[Black "Wartiovaara, Oliver"]
[WhiteFideId "24199990"]
[BlackFideId "513024"]
[WhiteElo "2079"]
[BlackElo "1971"]
[Result "1-0"]
[Round "10"]
[TimeControl "180+1"]
[Date "2022.02.15"]
[WhiteClock "0:00:12"]
[BlackClock "0:00:08"]

1. e4 c5 2. Nf3 d6 3. d4 cxd4 4. Nxd4 Nf6 5. f3 e5 6. Bb5+ Bd7 7. Bxd7+ Qxd7 8. Nf5 d5 9. Bg5 dxe4 10. Bxf6 gxf6 11. Qxd7+ Kxd7 12. fxe4 Nc6 13. c3 Rg8 14. g3 Ke6 15. Nd2 Rd8 16. Ke2 Ne7 17. Rhf1 Nxf5 18. Rxf5 Bh6 19. Nb3 b6 20. Rh5 Rg6 21. Rd1 Rxd1 22. Kxd1 Ke7 23. Ke2 Kf8 24. Kd3 Kg7 25. Kc4 Rg4 26. Kd5 Bg5 27. a4 Kg6 28. Rh3 h6 29. c4 f5 30. exf5+ Kxf5 31. a5 e4 32. Nd4+ Kg6 33. axb6 axb6 34. b4 e3 35. Ne2 Bf6 36. Nf4+ Kh7 37. c5 bxc5 38. bxc5 Bc3 39. c6 Ba5 40. Rh4 Rxh4 41. gxh4 Kg7 42. Ke4 Kf6 43. Nd5+ Ke6 44. Nxe3 Kd6 45. Nc4+ Kxc6 46. Nxa5+ Kd6 47. Kf5 Ke7 48. Nc4 Kf8 49. Kf6 Kg8 50. Ne5 Kf8 51. Nxf7 h5 52. Kg6 Kg8 53. Ng5 Kh8 54. Kxh5 Kg8 55. Kg6 Kh8 56. h5 Kg8 57. h6 Kh8 58. Nf7+ Kg8 59. h7+ 1-0


[Site "https://www.chess.com"]

[Event "Titled Tuesday Blitz February 15 Early 2022"]
[White "Mosutha, Thuso"]
[Black "Papasimakopoulos, Alexandros"]
[WhiteFideId "11302550"]
[BlackFideId "4244125"]
[WhiteElo "2028"]
[BlackElo "2340"]
[Result "0-1"]
[Round "10"]
[TimeControl "180+1"]
[Date "2022.02.15"]
[WhiteClock "0:00:02"]
[BlackClock "0:01:07"]

1. d4 e6 2. Bf4 c5 3. e3 d5 4. c3 Bd6 5. Bg3 Nc6 6. Nf3 Qe7 7. Bd3 Nf6 8. Nbd2 e5 9. dxe5 Nxe5 10. Nxe5 Bxe5 11. Bxe5 Qxe5 12. Nf3 Qe7 13. Bb5+ Bd7 14. Bxd7+ Qxd7 15. Qc2 O-O 16. O-O-O a5 17. c4 Qc6 18. cxd5 Nxd5 19. Qe4 Rad8 20. a3 Rfe8 21. Qc2 b5 22. Rd2 Nf6 23. Rhd1 Rxd2 24. Qxd2 Ne4 25. Qd7 Qxd7 26. Rxd7 f6 27. Rc7 c4 28. Rb7 Nxf2 29. Rxb5 Rxe3 30. Rxa5 Re2 31. Rc5 Nd3+ 32. Kd1 Rxg2 33. Rc8+ Kf7 34. Rc7+ Ke8 35. Nd2 Rxh2 36. Nxc4 Nxb2+ 37. Nxb2 Rxb2 38. Rxg7 Rh2 39. a4 Kf8 40. Rc7 h5 41. a5 Ra2 42. Rc5 h4 43. Rh5 Ra4 44. Kc2 Kg7 45. Kb3 Ra1 46. Kb4 Rh1 47. a6 Kg6 48. Ra5 Rb1+ 49. Kc5 Rb8 50. a7 Ra8 51. Kb6 f5 52. Ra1 f4 53. Kb7 Rh8 54. Rc1 h3 55. Rc8 Rh7+ 56. Rc7 Rh8 57. Rc8 Rh7+ 58. Rc7 Rh6 59. a8=Q h2 60. Qg8+ Kf5 61. Rc5+ Ke4 62. Qd5+ Ke3 63. Rc3+ Kf2 64. Qf3+ Ke1 65. Rc1+ Kd2 66. Qc3+ Ke2 67. Re1+ Kf2 68. Qd2+ Kg3 69. Qd3+ f3 0-1


[Site "https://www.chess.com"]

[Event "Titled Tuesday Blitz February 15 Early 2022"]
[White "Musovic, Armin"]
[Black "Yuan, Qingyu"]
[WhiteFideId "939935"]
[BlackFideId "8609772"]
[WhiteElo "2250"]
[BlackElo "2359"]
[Result "0-1"]
[Round "10"]
[TimeControl "180+1"]
[Date "2022.02.15"]
[WhiteClock "0:00:35"]
[BlackClock "0:01:30"]

1. e4 c6 2. d4 d5 3. exd5 cxd5 4. c4 Nf6 5. Nc3 Nc6 6. Nf3 a6 7. h3 g6 8. cxd5 Nxd5 9. Bc4 Be6 10. Bb3 Na5 11. Bc2 Nb4 12. Bb1 Bg7 13. O-O O-O 14. Re1 Rc8 15. Bg5 Re8 16. Ne4 Nc4 17. Nc5 Rxc5 18. dxc5 Qxd1 19. Rxd1 Bxb2 20. Be4 Bxa1 21. Rxa1 f6 22. Bf4 Bd5 23. Re1 Kf7 24. Nd4 e5 25. a3 exd4 26. axb4 Rxe4 27. Rxe4 Bxe4 28. Bc7 d3 0-1


[Site "https://www.chess.com"]

[Event "Titled Tuesday Blitz February 15 Early 2022"]
[White "Narayanan.S.L"]
[Black "Lodici, Lorenzo"]
[WhiteFideId "5058422"]
[BlackFideId "884189"]
[WhiteElo "2494"]
[BlackElo "2265"]
[Result "1-0"]
[Round "10"]
[TimeControl "180+1"]
[Date "2022.02.15"]
[WhiteClock "0:00:10"]
[BlackClock "0:00:07"]

1. Nf3 d5 2. g3 Bg4 3. Bg2 Nd7 4. h3 Bxf3 5. Bxf3 c6 6. d3 Ngf6 7. e4 dxe4 8. dxe4 e5 9. O-O Bc5 10. a4 a5 11. Nd2 Nf8 12. Nc4 Qc7 13. Be3 Ne6 14. Bxc5 Nxc5 15. Nd6+ Kf8 16. Nc4 Ke7 17. Qc1 Rhe8 18. Qe3 b6 19. Rfd1 Kf8 20. b3 h6 21. h4 Re7 22. Kg2 Rd7 23. Rxd7 Nfxd7 24. Rd1 Nf6 25. g4 Ke7 26. g5 hxg5 27. Qxg5 Kf8 28. Qxe5 Qxe5 29. Nxe5 Ncxe4 30. Nxc6 Rc8 31. Nd4 Nc3 32. Rd3 Nfd5 33. Kg3 Nb4 34. Rd2 Rc5 35. h5 Ke7 36. Kf4 Kf6 37. Bg2 Rxh5 38. Nc6 Rf5+ 39. Kg3 Rg5+ 40. Kh2 Nxc6 41. Rd6+ Ke7 42. Rxc6 Ne2 43. Bf1 Nd4 44. Rxb6 Nxc2 45. Rb7+ Kf6 46. Bc4 Ke5 47. Rxf7 Kd4 48. f4 Rg6 49. Rd7+ Kc3 50. Rd3+ Kb4 51. Rd5 Na3 52. Bd3 Rf6 53. Kg3 Kc3 54. Be4 Kxb3 55. Rxa5 Kb4 56. Ra8 Nc4 57. Bd5 Na5 58. Kg4 Rd6 59. Be4 Nc4 60. Ra7 g6 61. Rg7 Na5 62. Bxg6 Kxa4 63. f5 Nc4 64. Kg5 Ne5 65. Re7 Nc6 66. Be8 Kb4 67. Bxc6 Rxc6 68. f6 Rc1 69. f7 Rg1+ 70. Kf6 Rf1+ 71. Kg7 Rg1+ 72. Kf8 Rf1 73. Ke8 Kc5 74. f8=Q 1-0


[Site "https://www.chess.com"]

[Event "Titled Tuesday Blitz February 15 Early 2022"]
[White "Navara, David"]
[Black "Samadov, Read"]
[WhiteFideId "309095"]
[BlackFideId "13417444"]
[WhiteElo "2686"]
[BlackElo "2084"]
[Result "0-1"]
[Round "10"]
[TimeControl "180+1"]
[Date "2022.02.15"]
[WhiteClock "0:00:45"]
[BlackClock "0:00:42"]

1. d4 Nf6 2. c4 e6 3. Nc3 Bb4 4. e3 O-O 5. Bd3 d5 6. cxd5 exd5 7. Ne2 b6 8. O-O Ba6 9. Bxa6 Nxa6 10. Qd3 Qc8 11. Nf4 c6 12. a3 Bxc3 13. bxc3 Nc7 14. c4 Ne6 15. Ne2 Qa6 16. a4 Qxc4 17. Qxc4 dxc4 18. Ba3 Rfc8 19. Rfc1 b5 20. Rab1 a6 21. f3 Nd5 22. Kf2 Rab8 23. Bd6 Ra8 24. e4 Nb6 25. a5 Rd8 26. Bb4 Na4 27. Rd1 c5 28. dxc5 Naxc5 29. Ke3 Nd3 30. Ba3 Rab8 31. Nc3 b4 32. Bxb4 Nxb4 33. Rxd8+ Nxd8 34. Nd5 Nc2+ 0-1


[Site "https://www.chess.com"]

[Event "Titled Tuesday Blitz February 15 Early 2022"]
[White "Nesterov, Arseniy"]
[Black "FGHSMN"]
[WhiteFideId "24198455"]
[WhiteElo "2489"]
[BlackElo "2714"]
[Result "0-1"]
[Round "10"]
[TimeControl "180+1"]
[Date "2022.02.15"]
[WhiteClock "0:00:03"]
[BlackClock "0:00:19"]

1. d4 d5 2. c4 e6 3. Nc3 a6 4. cxd5 exd5 5. Nf3 c6 6. Bf4 Bd6 7. Bg3 Ne7 8. e3 Nf5 9. Bd3 Nxg3 10. hxg3 Nd7 11. Qc2 Nf6 12. O-O-O Be6 13. Kb1 Qe7 14. Rc1 O-O-O 15. Na4 Kb8 16. Qb3 Ka8 17. Nd2 Nd7 18. Qc3 Rc8 19. Nb3 Bb4 20. Qc2 h5 21. a3 Bd6 22. Qc3 h4 23. gxh4 Rxh4 24. g3 Rxh1 25. Rxh1 Qf6 26. f4 Bf5 27. Ka2 Bxd3 28. Qxd3 Re8 29. Rc1 Bf8 30. Qc3 Qe6 31. Qa5 Rc8 0-1


[Site "https://www.chess.com"]

[Event "Titled Tuesday Blitz February 15 Early 2022"]
[White "Nguyen Hong Nhung"]
[Black "Harshavardhan G B"]
[WhiteFideId "12412201"]
[BlackFideId "25059009"]
[WhiteElo "1661"]
[BlackElo "1831"]
[Result "0-1"]
[Round "10"]
[TimeControl "180+1"]
[Date "2022.02.15"]
[WhiteClock "0:00:03"]
[BlackClock "0:00:16"]

1. e4 e5 2. Nf3 Nc6 3. d4 exd4 4. Nxd4 Bc5 5. Be3 Qf6 6. c3 Nge7 7. Bc4 d6 8. O-O Bb6 9. Na3 h5 10. Nac2 Ne5 11. Be2 Ng4 12. Nf5 Nxf5 13. Bxb6 axb6 14. exf5 Bxf5 15. Nd4 O-O 16. Nxf5 Qxf5 17. h3 Nf6 18. Bf3 d5 19. Re1 Rfe8 20. Qb3 g6 21. Rad1 h4 22. a3 Re5 23. Qb4 g5 24. c4 d4 25. Bxb7 Rd8 26. Rxe5 Qxe5 27. Re1 Qf5 28. Bf3 d3 29. Rd1 Rd4 30. Qe7 c5 31. Qc7 Qe6 32. Qb8+ Kg7 33. a4 d2 34. b3 Qe1+ 35. Kh2 Qxf2 36. Qxb6 Rd3 37. Qc6 Qg3+ 38. Kh1 Re3 39. Rg1 Re1 40. Qxc5 Ne4 41. Bxe4 Rxe4 42. Qd5 Qe3 43. a5 Rd4 44. Qf5 d1=Q 45. Rxd1 Rxd1+ 46. Kh2 Qg1# 0-1


[Site "https://www.chess.com"]

[Event "Titled Tuesday Blitz February 15 Early 2022"]
[White "Nguyen, Ngoc Truong Son"]
[Black "Kretov, Evgenij"]
[WhiteFideId "12401110"]
[BlackFideId "4167821"]
[WhiteElo "2596"]
[BlackElo "2303"]
[Result "1-0"]
[Round "10"]
[TimeControl "180+1"]
[Date "2022.02.15"]
[WhiteClock "0:01:30"]
[BlackClock "0:01:07"]

1. e4 c5 2. Nf3 Nc6 3. Bb5 g6 4. Bxc6 bxc6 5. d4 cxd4 6. Qxd4 f6 7. c4 Nh6 8. Bxh6 Bxh6 9. Nc3 O-O 10. h4 Bf4 11. h5 d6 12. hxg6 hxg6 13. g3 Be5 14. Qd2 Qa5 15. Nxe5 Qxe5 16. O-O-O Be6 17. f4 Qc5 18. f5 Bxf5 19. exf5 Qxf5 20. Rde1 e5 21. Qxd6 Rad8 22. Qe7 Rd7 23. Rh8+ 1-0


[Site "https://www.chess.com"]

[Event "Titled Tuesday Blitz February 15 Early 2022"]
[White "Nogerbek, Kazybek"]
[Black "Sychev, Klementy"]
[WhiteFideId "13710427"]
[BlackFideId "4114060"]
[WhiteElo "2478"]
[BlackElo "2564"]
[Result "1/2-1/2"]
[Round "10"]
[TimeControl "180+1"]
[Date "2022.02.15"]
[WhiteClock "0:00:05"]
[BlackClock "0:00:06"]

1. c4 Na6 2. d4 e5 3. dxe5 d6 4. Nf3 Bf5 5. Nc3 dxe5 6. Qxd8+ Rxd8 7. e4 Nb4 8. Rb1 Nc2+ 9. Ke2 Bg4 10. Be3 Nd4+ 11. Bxd4 exd4 12. Nd5 c6 13. Nf4 Nf6 14. Kd3 Nd7 15. Kc2 Nc5 16. Nd3 Ne6 17. Be2 Bh5 18. Rhe1 Bg6 19. Nd2 Bd6 20. g3 O-O 21. f4 f5 22. Bf3 Nc7 23. b4 Rfe8 24. Re2 h6 25. Rbe1 a5 26. a3 axb4 27. axb4 fxe4 28. Bxe4 Bf7 29. Bf3 Rxe2 30. Rxe2 Ra8 31. Kb2 Ra7 32. Bg4 b5 33. c5 Bf8 34. Bf3 Nd5 35. Ne4 Ne3 36. Nd6 Bc4 37. Rd2 Ra2+ 38. Kc1 Ra1+ 39. Kb2 Rf1 40. Ne5 g5 41. Bxc6 gxf4 42. gxf4 Rxf4 43. Bxb5 Bxb5 44. Nxb5 Bg7 45. Nd3 Nc4+ 46. Kc2 Nxd2 47. Nxf4 Nf3 48. h3 Kf7 49. Nd3 Ke6 50. Nc7+ Kd7 51. Nd5 Kc6 52. N5f4 Kb5 53. Ne6 Bf6 54. Kb3 Nd2+ 55. Kc2 Nf3 56. Kb3 Nd2+ 57. Kc2 Nf3 1/2-1/2


[Site "https://www.chess.com"]

[Event "Titled Tuesday Blitz February 15 Early 2022"]
[White "Noroozi, Omid"]
[Black "Shvedova, Alexandra"]
[WhiteFideId "12501190"]
[BlackFideId "54154782"]
[WhiteElo "2236"]
[BlackElo "1920"]
[Result "1-0"]
[Round "10"]
[TimeControl "180+1"]
[Date "2022.02.15"]
[WhiteClock "0:01:32"]
[BlackClock "0:00:03"]

1. e4 c5 2. Nf3 d6 3. Bb5+ Nd7 4. c3 Nf6 5. Qe2 a6 6. Ba4 b5 7. Bc2 c4 8. O-O Bb7 9. b3 Rc8 10. Na3 cxb3 11. axb3 e5 12. Bb2 Nc5 13. d4 Ncxe4 14. dxe5 dxe5 15. Nxe5 Be7 16. Rad1 Qc7 17. Bxe4 Nxe4 18. Rd7 Qxe5 19. Rxb7 Bd6 20. g3 O-O 21. c4 Qf5 22. cxb5 Ng5 23. f4 Nh3+ 24. Kg2 Bxa3 25. g4 Qd5+ 26. Kxh3 Bxb2 27. bxa6 Bf6 28. g5 Rc3+ 29. Kg4 h5+ 30. Kh4 Bd8 31. Rg1 Qf5 32. Rg3 Rxg3 33. hxg3 Qd5 34. Kxh5 g6+ 35. Kg4 Kg7 36. Qe5+ Qxe5 37. fxe5 Bxg5 38. Kxg5 Ra8 39. a7 Kf8 40. Kf6 Kg8 41. Rxf7 g5 42. e6 g4 43. Rg7+ Kh8 44. e7 Re8 45. Rxg4 Kh7 46. Kf7 Kh6 47. Kxe8 Kh5 48. Rf4 Kg5 49. a8=Q Kg6 50. Kf8 Kg5 51. e8=Q Kh6 52. b4 Kg5 53. b5 1-0


[Site "https://www.chess.com"]

[Event "Titled Tuesday Blitz February 15 Early 2022"]
[White "Nurmanova, Alua"]
[Black "Goryachkina, Aleksandra"]
[WhiteFideId "13729390"]
[BlackFideId "4147103"]
[WhiteElo "1851"]
[BlackElo "2426"]
[Result "0-1"]
[Round "10"]
[TimeControl "180+1"]
[Date "2022.02.15"]
[WhiteClock "0:00:02"]
[BlackClock "0:00:03"]

1. e4 c5 2. Nf3 e6 3. d4 cxd4 4. Nxd4 Nf6 5. Nc3 Nc6 6. Ndb5 d6 7. Bf4 e5 8. Bg5 a6 9. Bxf6 gxf6 10. Na3 b5 11. Nd5 Bg7 12. Bd3 O-O 13. O-O Ne7 14. c4 f5 15. Nxe7+ Qxe7 16. Qh5 f4 17. Rfe1 b4 18. Nc2 a5 19. Rad1 Kh8 20. g3 Bf6 21. Bf1 Rg8 22. Bh3 Rg5 23. Qh6 Bxh3 24. Qxh3 Rag8 25. Kh1 Qc7 26. b3 R8g6 27. Rg1 Qc5 28. Rd2 Kg7 29. Qd7 Rh6 30. gxf4 exf4 31. Rxg5+ Qxg5 32. Rd1 Rg6 33. Qh3 Be5 34. Qf3 h5 35. Rf1 Qg4 36. Qxg4 hxg4 37. Rg1 Kf6 38. Ne1 f3 39. Nd3 Ke6 40. Nxe5 Kxe5 41. Re1 Re6 42. Kg1 Kf4 43. Rd1 Kxe4 44. Rd5 Kf4 45. Rd4+ Re4 46. Rd1 Re2 47. Rd4+ Kg5 48. Rd1 Rxa2 49. h4+ Kxh4 50. Rd5 Ra1+ 51. Kh2 Rf1 52. Rd2 f5 0-1


[Site "https://www.chess.com"]

[Event "Titled Tuesday Blitz February 15 Early 2022"]
[White "Omariev, Maksim"]
[Black "Ezat, Mohamed"]
[WhiteFideId "4193423"]
[BlackFideId "10600906"]
[WhiteElo "2520"]
[BlackElo "2386"]
[Result "0-1"]
[Round "10"]
[TimeControl "180+1"]
[Date "2022.02.15"]
[WhiteClock "0:00:02"]
[BlackClock "0:00:39"]

1. e4 c6 2. d4 d5 3. exd5 cxd5 4. Bd3 Nc6 5. c3 Qc7 6. h3 g6 7. Ne2 Nh6 8. Bf4 Qb6 9. Qd2 Nf5 10. Na3 Bg7 11. Nb5 e5 12. dxe5 Nxe5 13. Bxe5 Bxe5 14. Bxf5 Bxf5 15. Qxd5 O-O 16. Qxe5 Rfe8 17. Qd5 Rad8 18. Qb3 Bd3 19. Nd4 Qa6 20. O-O-O Bxe2 21. Nxe2 Qxe2 22. Rxd8 Rxd8 23. Qc2 Qc4 24. b3 Qf4+ 25. Kb1 Rd2 26. Qc1 Qxf2 27. g4 Rxa2 28. Rf1 Qe2 29. Re1 Rb2+ 30. Qxb2 Qxe1+ 31. Ka2 Qe3 32. Qh2 Qxc3 33. Qb8+ Kg7 34. Qxb7 Qxh3 35. Qxa7 Qg2+ 36. Ka3 Qxg4 37. b4 Qf3+ 38. Ka4 Qd1+ 39. Kb5 h5 0-1


[Site "https://www.chess.com"]

[Event "Titled Tuesday Blitz February 15 Early 2022"]
[White "Osmak, Yuliia"]
[Black "Stepanencu, Nicodim-Cosmin"]
[WhiteFideId "14101602"]
[BlackFideId "1256220"]
[WhiteElo "2302"]
[BlackElo "1809"]
[Result "0-1"]
[Round "10"]
[TimeControl "180+1"]
[Date "2022.02.15"]
[WhiteClock "0:00:41"]
[BlackClock "0:00:39"]

1. e4 e6 2. d4 d5 3. e5 c5 4. c3 Nc6 5. Nf3 Bd7 6. Bd3 Nge7 7. O-O Ng6 8. g3 Qb6 9. dxc5 Bxc5 10. Qe2 Qc7 11. Re1 a6 12. h4 f6 13. exf6 Qxg3+ 14. Kh1 Qh3+ 15. Nh2 Bd6 16. f4 Nxf4 17. Bxf4 Bxf4 18. fxg7 Rg8 19. Bxh7 Rxg7 20. Qh5+ Ke7 21. Re2 Bxh2 0-1


[Site "https://www.chess.com"]

[Event "Titled Tuesday Blitz February 15 Early 2022"]
[White "Ovezdurdyyeva, Jemal"]
[Black "Clawitter, Craig"]
[WhiteFideId "14001888"]
[BlackFideId "2023105"]
[WhiteElo "1946"]
[BlackElo "2143"]
[Result "1-0"]
[Round "10"]
[TimeControl "180+1"]
[Date "2022.02.15"]
[WhiteClock "0:00:17"]
[BlackClock "0:00:07"]

1. e4 e6 2. d4 d5 3. Nc3 Bb4 4. Bd3 dxe4 5. Bxe4 Nf6 6. Bf3 c5 7. Ne2 Nc6 8. O-O Nxd4 9. Nxd4 cxd4 10. Nb5 Bc5 11. c3 dxc3 12. Qxd8+ Kxd8 13. Rd1+ Bd7 14. bxc3 Ke7 15. Nd4 Nd5 16. c4 Nb4 17. Bb2 Nc6 18. Nb3 Bb6 19. Bxg7 Rhg8 20. Bb2 Rad8 21. Ba3+ Kf6 22. Bd6 Ne5 23. Be4 Nxc4 24. Bxh7 Rg7 25. Bc2 Nxd6 26. Rxd6 Bc7 27. Rd2 Bc6 28. g3 Rxd2 29. Nxd2 Rg8 30. Be4 Rd8 31. Bxc6 bxc6 32. Ne4+ Ke5 33. Re1 Ba5 34. Re2 Rd1+ 35. Kg2 Re1 36. Rxe1 Bxe1 37. Ng5 f5 38. Nf3+ Ke4 39. Nxe1 c5 40. h4 c4 41. h5 c3 42. h6 c2 43. Nxc2 1-0


[Site "https://www.chess.com"]

[Event "Titled Tuesday Blitz February 15 Early 2022"]
[White "Paravyan, David"]
[Black "Siva Mahadevan"]
[WhiteFideId "4194985"]
[BlackFideId "25043153"]
[WhiteElo "2569"]
[BlackElo "2203"]
[Result "1-0"]
[Round "10"]
[TimeControl "180+1"]
[Date "2022.02.15"]
[WhiteClock "0:00:18"]
[BlackClock "0:00:09"]

1. e4 c5 2. Nf3 Nc6 3. d4 cxd4 4. Nxd4 Nf6 5. Nc3 d6 6. Bg5 e6 7. Qd2 a6 8. Nxc6 bxc6 9. O-O-O d5 10. Bc4 Be7 11. exd5 cxd5 12. Bxf6 Bxf6 13. Nxd5 exd5 14. Bxd5 Ra7 15. Bc6+ Rd7 16. Rhe1+ Be7 17. Qe3 f5 18. Qe6 Rf8 19. f4 Rf7 20. Rd6 Qc7 21. Bxd7+ Bxd7 22. Qd5 Bc8 23. Rc6 Qxf4+ 24. Kb1 Bb7 25. Qe6 Qb8 26. Rb6 Qc8 27. Qb3 Be4 28. Rb8 Qxb8 29. Qxb8+ Kd7 30. Qa7+ Ke6 31. Qxa6+ Ke5 32. Qb5+ Kf6 33. a4 Bd8 34. g4 g6 35. gxf5 gxf5 36. Qb4 Be7 37. Qc3+ Ke6 38. Rxe4+ fxe4 39. Qc4+ Kf6 40. Qxe4 Rg7 41. c3 Bd6 42. Qc6 Ke5 43. Qb5+ Ke6 44. Ka2 Rg1 45. Qb3+ Ke7 46. Qb7+ Ke6 47. Qxh7 Re1 48. Qh6+ Kd7 49. Qh5 Re5 50. Qh7+ Kc6 51. Qc2 Rh5 52. Qg2+ Kc7 53. Qe2 Rh4 54. Kb3 Rxh2 55. Qe6 Rh4 56. Qf7+ Kc6 57. Qf2 Rf4 58. Qg2+ Kc7 59. Qg1 Rf8 60. Qg7+ Kc6 61. Qg2+ Kc7 62. Kc4 Rb8 63. Qg7+ Kc6 64. b4 Re8 65. b5+ Kb6 66. a5+ Kxa5 67. Qa7# 1-0


[Site "https://www.chess.com"]

[Event "Titled Tuesday Blitz February 15 Early 2022"]
[White "Petesch, Gabriel"]
[Black "Mischuk, Dmitry"]
[WhiteFideId "2032465"]
[BlackFideId "14118734"]
[WhiteElo "2374"]
[BlackElo "2256"]
[Result "1-0"]
[Round "10"]
[TimeControl "180+1"]
[Date "2022.02.15"]
[WhiteClock "0:00:20"]
[BlackClock "0:00:05"]

1. Nf3 Nf6 2. g3 g6 3. Bg2 Bg7 4. O-O O-O 5. d4 c6 6. b3 d5 7. Bb2 Ne4 8. Nbd2 Nd6 9. c4 Bf5 10. Ne5 dxc4 11. Ndxc4 Nd7 12. Nxd6 exd6 13. Nc4 d5 14. Ne3 Be6 15. Qd2 Re8 16. a3 h5 17. f4 Bh6 18. Qd3 Nf6 19. Rad1 Ne4 20. Bxe4 dxe4 21. Qc3 Bd5 22. Nc4 Bg7 23. e3 Qe7 24. Rc1 Qe6 25. Rc2 f6 26. Nd2 Qf5 27. Rf2 Kf7 28. Nc4 Bf8 29. Qa5 Rec8 30. a4 Be7 31. Ba3 b6 32. Qa6 Bxa3 33. Nxa3 h4 34. Nc4 Rd8 35. Nd6+ Kg8 36. Nxf5 gxf5 37. Qb7 Rab8 38. Qe7 Re8 39. Qxf6 Re6 40. Qg5+ 1-0


[Site "https://www.chess.com"]